 Dungeon Crawl Stone Soup version 0.27.1-34-g3ba077fa99 (webtiles) character file.

Game seed: 1919218580443445112

114 boopmooplesden the Covered (level 4, 0/40 HPs)
             Began as a Minotaur Fighter on Jan 4, 2022.
             Was a Follower of Nemelex Xobeh.
             Killed by divine providence
             ... invoked by an orc priest
              (12 damage)
             ... on level 3 of the Dungeon.
             The game lasted 00:02:11 (1608 turns).

boopmooplesden the Covered (Minotaur Fighter)       Turns: 1608, Time: 00:02:12

Health: 0/40       AC:  7    Str: 21    XL:     4   Next: 66%
Magic:  3/3        EV:  7    Int:  5    God:    Nemelex Xobeh [*.....]
Gold:   70         SH:  9    Dex: 10    Spells: 3/3 levels left

rFire    . . .     SeeInvis .   a - +0 long sword
rCold    . . .     Faith    .   c - +0 kite shield
rNeg     . . .     Spirit   .   b - +0 scale mail
rPois    .         Reflect  .   (helmet restricted)
rElec    .         Harm     .   (no cloak)
rCorr    .         Rampage  .   (no gloves)
Will     .....                  (no boots)
Stlth    ..........             (no amulet)
HPRegen  0.13/turn              (no ring)
MPRegen  0.08/turn              (no ring)

@: lethally poisoned (0 -> -1)
A: horns 2, retaliatory headbutt
a: Renounce Religion, Draw Escape, Draw Destruction, Draw Summoning


You were on level 3 of the Dungeon.
You worshipped Nemelex Xobeh.
Nemelex Xobeh was aware of your devotion.
You visited 1 branch of the dungeon, and saw 3 of its levels.

You collected 70 gold pieces.

Inventory:

Hand Weapons
 a - a +0 long sword (weapon)
Armour
 b - a +0 scale mail (worn)
 c - a +0 kite shield (worn)
Scrolls
 e - a scroll of enchant armour {unknown}
 f - a scroll of teleportation {unknown}
 g - 4 scrolls of identify {unknown}
 j - 2 scrolls of noise {unknown}
 m - a scroll of summoning {unknown}
Potions
 d - a potion of might
 h - a potion of haste {unknown}
 i - a potion of lignification {unknown}
 k - a potion of mutation {unknown}
 l - a potion of invisibility {unknown}
 n - a potion of heal wounds {unknown}
 o - a potion of flight {unknown}
 p - a potion of curing {unknown}


   Skills:
 + Level 4.3 Fighting
 + Level 4.1 Long Blades
 + Level 4.4 Armour
 + Level 0.4 Dodging
 + Level 4.3 Shields


You had 3 spell levels left.
You didn't know any spells.
Your spell library was empty.

Dungeon Overview and Level Annotations

Branches:
Dungeon (3/15)

Altars:
Nemelex Xobeh
Trog


Innate Abilities, Weirdness & Mutations

You have a pair of horns on your head.
You reflexively headbutt those who attack you in melee.


Message History

The adder bites you. The adder bites you but does no damage.
You slash the adder!
You kill the adder!
Your Long Blades skill increases to level 4!
Found a murky cyan potion.
p - a murky cyan potion An orc comes into view.
It is wielding a +0 trident.
The orc shouts!
You hear a shout!
An orc is nearby!
An orc is nearby!
An orc, an orc priest and an orc wizard come into view.
The orc wizard shouts!
The orc priest shouts!
The orc priest moves out of view.
The orc moves out of view.
An orc comes into view. It is wielding a +0 whip.
An adder and an ogre come into view.
The adder hisses angrily.
The orc shouts!
An orc comes into view. It is wielding a +0 club.
The orc priest casts a cantrip, but nothing happens.
The orc barely misses you. You furiously retaliate!
You headbutt the orc, but do no damage.
You riposte.
You barely miss the orc.
The orc wizard hits you but does no damage.
You miss the orc wizard. Your headbutt misses the orc wizard.
The adder bites you but does no damage. You block the orc's attack.
The orc wizard barely misses you.
The orc priest casts a cantrip, but nothing happens.
The ogre hits you with a +0 giant club! The adder barely misses you.
You riposte.
You closely miss the adder. Your headbutt misses the adder.
You block the orc's attack. The orc hits you but does no damage.
The orc hits you with a +0 trident! The adder bites you.
You are poisoned.
The adder poisons you! You block the orc's attack.
You feel sick.
You feel sick.
You feel sick.
The orc priest calls down the wrath of Beogh upon you.
Beogh smites you!
You die...
Your body disappears without a glow.

..###....#....####.####
+................##.....## .
#................#.......# ..
#................#.......# ...
...................._....
....###..............#.......#
..........o..........#.......#
##.......o.o.........##.....##
#........o.OS@.......####.####
.........oo.########..........
....######### #.............
... #.#........... .
#.........<. #...........
#........... #...........
#...........


You could see an ogre, an orc priest, an orc wizard, an adder and 4 orcs.

Vanquished Creatures
  4 adders
  3 gnolls (D:2)
  A worm (D:2)
  A dart slug (D:2)
  8 endoplasms
  4 hobgoblins
  A ball python (D:1)
  5 bats
  A frilled lizard (D:2)
  5 goblins
  8 kobolds
  4 rats
45 creatures vanquished.

Notes
Turn   | Place    | Note
-------+----------+-------------------------------------------
     0 | D:1      | boopmooplesden the Minotaur Fighter began the quest for the
                  | Orb.
     0 | D:1      | Reached XP level 1. HP: 19/19 MP: 0/0
    99 | D:1      | Reached XP level 2. HP: 27/27 MP: 1/1
   227 | D:1      | Found a faded altar of an unknown god.
   268 | D:1      | Became a worshipper of Nemelex Xobeh the Trickster
   268 | D:1      | Reached * piety under Nemelex Xobeh
   587 | D:2      | Received a gift from Nemelex Xobeh
   814 | D:2      | Reached XP level 3. HP: 33/33 MP: 2/2
  1137 | D:2      | Reached XP level 4. HP: 36/40 MP: 3/3
  1556 | D:3      | Found a bloodstained altar of Trog.
  1599 | D:3      | Noticed an ogre
  1608 | D:3      | Killed from afar by an orc priest

Illustrated notes

Levels and vault maps discovered:
D:1:      shiori_arrival_elements, layout_basic,
          ebering_ecumenical_altar_sacrificial, minmay_misc_feat_cross
D:2:      layout_basic
D:3:      layout_basic, old_standard_altar, mainiacjoe_overflow_brackets,
          fedhas_ov_isle_minmay

Skill      XL: |  1  2  3  4 |
---------------+-------------+-----
Fighting       | 4 |  4.3
Shields        | 4 |  4.3
Long Blades    | 3 4 |  4.1
Armour         | 4 |  4.4
Dodging        | |  0.4

Action                   |  1- 3 |  4- 6 || total
-------------------------+-------+-------++-------
Melee: Long sword        |    80 |    24 ||   104
       Headbutt          |    16 |     4 ||    20
Invok: Draw Destruction  |     1 |       ||     1
Armor: Scale mail        |    38 |    13 ||    51
Dodge: Dodged            |    20 |     8 ||    28
Block: Kite shield       |    54 |    19 ||    73
       Rpst.: Long sword |     6 |     3 ||     9
